Map: Orbital Shipyard

Players

Iobelisk

  • Race: Zerg Zerg
  • League: Diamond

LilDicky - Winner!

  • Race: Terran Terran
  • League: Diamond

VOD

http://www.twitch.tv/tumescentpie

Description

Time

  • Played on: Dec. 1, 2015, 1:09 p.m.
  • Length: 20:11
Show
View Real Time Build Order
Export as new Build Order

Iobelisk Zerg 

Build Orders: Hatch First 

Get SALT Encoding   

  12  0:01  Drone  
  13  0:08  Drone  
  14  0:22  Extractor  
  14  0:23  Drone, Extractor  
  14  0:24  Drone  
  16  0:43  Hatchery  
  15  0:55  Spawning Pool  
  14  1:05  Extractor  
  14  1:06  Drone x2, Extractor  
  15  1:12  Overlord  
  15  1:30  Drone  
  15  1:31  Drone  
  17  1:38  Drone  
  18  1:42  Queen  
  20  1:49  Drone  
  21  1:55  Overlord  
  21  2:00  Queen  
  23  2:06  Drone  
  23  2:08  Drone  
  25  2:18  Drone  
  25  2:20  Zergling x2  
  25  2:21  Metabolic Boost  
  27  2:25  Zergling x2  
  27  2:28  Drone  
  29  2:33  Zergling x2  
  30  2:38  Drone  
  30  2:42  Zergling x2  
  32  2:56  Drone  
  32  2:57  Drone x3  
  36  3:05  Overlord  
  36  3:20  Overlord  
  36  3:25  Hatchery, Drone x3  
  36  3:26  Roach Warren  
  37  3:29  Overlord  
  37  3:32  Drone  
  38  3:38  Drone x2  
  38  3:39  Drone  
  41  3:43  Drone x2  
  43  3:49  Queen  
  43  3:53  Drone  
  43  3:54  Drone  
  43  3:55  Drone  
  44  4:06  Lair  
  44  4:08  Overlord, Extractor  
  44  4:09  Drone, Extractor  
  43  4:13  Roach x2  
  47  4:20  Roach x3  
  53  4:30  Roach  
  55  4:36  Overlord  
  55  4:39  Drone  
  55  4:40  Extractor  
  55  4:45  Queen  
  55  4:50  Evolution Chamber  
  55  4:51  Evolution Chamber  
  55  4:52  Evolution Chamber  
  54  4:53  Drone x4  
  54  4:55  Baneling Nest  
  57  5:00  Overlord  
  57  5:13  Drone x7  
  64  5:14  Drone  
  64  5:16  Drone  
  64  5:19  Glial Reconstitution  
  66  5:25  Zerg Ground Armor Level 1  
  66  5:29  Zerg Melee Weapons Level 1  
  66  5:32  Zerg Missile Weapons Level 1  
  66  5:46  Overlord  
  66  5:47  Zergling x2  
  66  5:48  Zergling x16  
  75  5:55  Overlord  
  75  5:57  Zergling x8  
  75  6:01  Centrifical Hooks  
  79  6:04  Overlord  
  79  6:15  Drone x3  
  79  6:16  Drone x5  
  79  6:17  Drone  
  89  6:18  Drone  
  89  6:30  Zergling x2  
  89  6:31  Zergling x4  
  89  6:32  Zergling x2  
  93  6:34  Zergling x2  
  93  6:36  Overlord  
  94  6:40  Extractor  
  93  6:47  Hatchery  
  92  6:57  Roach x5  
  92  6:58  Roach x5  
  112  7:05  Overlord  
  112  7:06  Overlord  
  112  7:08  Hatchery  
  112  7:09  Overlord  
  112  7:10  Drone  
  111  7:27  Baneling  
  111  7:28  Baneling x23  
  111  7:29  Baneling  
  111  7:30  Zergling x2  
  111  7:31  Zergling x6  
  111  7:34  Overlord  
  111  7:36  Drone x2  
  117  7:39  Extractor  
  116  7:49  Zerg Ground Armor Level 2  
  116  8:01  Queen  
  108  8:19  Zergling x10  
  92  8:20  Zergling x36  
  92  8:22  Queen  
  92  8:23  Zerg Missile Weapons Level 2  
  92  8:26  Zerg Melee Weapons Level 2  
  108  8:31  Drone  
  108  8:32  Drone x3  
  112  8:36  Drone  
  112  8:37  Drone  
  112  8:38  Drone  
  107  8:56  Spire  
  106  9:03  Spore Crawler  
  103  9:12  Roach  
  103  9:13  Roach x7  
  103  9:14  Roach  
  103  9:15  Overlord  
  103  9:16  Overlord x2  
  120  9:26  Overlord  
  120  9:33  Infestation Pit  
  118  9:39  Hatchery, Zergling x2  
  118  9:40  Zergling x10  
  118  9:43  Hatchery, Overlord  
  118  9:44  Overlord  
  118  9:55  Zergling x2  
  118  9:56  Zergling x4  
  110  10:04  Baneling x11  
  110  10:05  Baneling x5  
  104  10:12  Roach  
  104  10:13  Roach x7  
  104  10:14  Roach x2  
  124  10:19  Hive  
  112  10:33  Corruptor x3  
  115  10:39  Corruptor  
  81  10:57  Corruptor  
  81  10:58  Corruptor  
  81  11:00  Queen  
  87  11:07  Queen  
  75  11:21  Corruptor x2  
  75  11:23  Zergling x10  
  75  11:24  Zergling x8  
  80  11:26  Drone  
  80  11:32  Drone  
  82  11:33  Drone x2  
  84  11:41  Drone x4  
  88  11:48  Drone x4  
  88  11:49  Drone  
  88  11:51  Drone  
  94  11:57  Drone x3  
  98  12:01  Drone x2  
  98  12:02  Drone  
  98  12:07  Drone x2  
  102  12:10  Extractor  
  102  12:11  Zerg Flyer Weapons Level 1  
  102  12:15  Baneling  
  101  12:16  Baneling x3  
  92  12:30  Zergling x2  
  92  12:31  Zergling x20  
  102  12:39  Zergling x2  
  102  12:40  Zergling x8  
  102  12:44  Roach  
  93  13:07  Roach x4  
  93  13:08  Roach x6  
  93  13:09  Roach x4  
  106  13:36  Zergling x16  
  106  13:37  Zergling x16  
  109  14:03  Hatchery  
  109  14:04  Baneling  
  109  14:05  Baneling x6  
  109  14:06  Baneling  
  109  14:07  Baneling  
  108  14:15  Hatchery, Queen  
  109  14:38  Zergling x10  
  114  14:49  Adrenal Glands  
  114  14:55  Hatchery  
  114  14:57  Zergling x2  
  114  14:58  Zergling x4  
  102  15:11  Zergling x2  
  102  15:12  Zergling x8  
  100  15:28  Zergling x16  
  102  15:31  Baneling x2  
  94  16:02  Overseer  
  93  16:07  Zergling x10  
  93  16:08  Zergling x36  
  80  16:57  Drone x3  
  80  16:58  Drone x2  
  80  16:59  Roach x5  
  80  17:00  Roach x6  
  107  17:02  Drone  
  104  17:16  Drone x3  
  104  17:17  Drone  
  76  17:57  Zergling x2  
  76  17:58  Zergling x22  
  80  18:14  Spawning Pool  
  77  18:23  Roach x5  
  77  18:24  Roach  
  52  19:42  Hatchery  
Show
View Real Time Build Order
Export as new Build Order

LilDicky Terran - Winner!

Build Orders: Liberator Opening, Bio Tank 

Get SALT Encoding   

  12  0:01  SCV  
  13  0:13  SCV  
  14  0:18  Supply Depot  
  14  0:25  SCV  
  15  0:30  Refinery  
  15  0:39  SCV  
  16  0:46  Barracks  
  16  0:53  SCV  
  17  1:05  SCV  
  18  1:17  SCV  
  19  1:31  SCV  
  20  1:33  Reaper  
  21  1:43  Orbital Command  
  21  1:53  Command Center  
  21  2:02  Refinery  
  21  2:08  Factory  
  21  2:12  SCV  
  21  2:14  Barracks Tech Lab  
  22  2:21  Supply Depot  
  22  2:26  SCV  
  23  2:57  SCV  
  24  3:02  Starport  
  24  3:06  Siege Tank  
  24  3:08  Barracks Reactor  
  27  3:20  SCV  
  27  3:22  Orbital Command  
  28  3:27  Command Center  
  28  3:32  SCV  
  29  3:38  Liberator  
  29  3:44  SCV  
  29  3:45  Refinery x2  
  29  3:46  Marine  
  34  4:04  SCV  
  34  4:07  Siege Tank  
  34  4:08  Marine x2  
  40  4:20  SCV x2  
  42  4:31  Marine x2  
  42  4:34  SCV  
  42  4:35  SCV  
  46  4:39  Siege Tank  
  46  4:41  Orbital Command  
  49  4:47  SCV x2  
  51  5:06  Liberator x2  
  50  5:16  SCV  
  50  5:17  SCV x2  
  50  5:20  Engineering Bay  
  53  5:22  Barracks Reactor, Engineering Bay  
  53  5:23  Barracks  
  53  5:24  Barracks  
  59  5:31  Orbital Command  
  59  5:39  SCV x2  
  61  5:52  SCV x2  
  63  6:00  Supply Depot  
  63  6:01  Supply Depot  
  63  6:03  SCV  
  63  6:04  SCV x2, Supply Depot  
  66  6:09  Terran Infantry Weapons Level 1  
  66  6:11  Terran Infantry Armor Level 1  
  66  6:13  Barracks Tech Lab  
  66  6:14  Barracks Tech Lab  
  66  6:15  SCV  
  66  6:16  SCV  
  68  6:42  Supply Depot  
  68  6:43  Marine x3  
  68  6:44  Marine  
  72  6:47  SCV x2, Refinery  
  72  6:48  Command Center, Refinery  
  72  6:49  Siege Tank  
  80  6:55  Combat Shields  
  80  6:56  Stimpack  
  80  6:59  Armory  
  80  7:01  SCV, Marine x2  
  78  7:04  Missile Turret x2  
  78  7:05  SCV  
  81  7:14  Liberator x2  
  81  7:18  SCV x2  
  83  7:32  Marine x2  
  83  7:33  Marine x2  
  93  7:38  Siege Tank  
  93  7:39  SCV x2  
  98  7:45  Missile Turret  
  98  7:46  SCV  
  99  7:53  Terran Vehicle And Ship Armor Level 1  
  99  7:54  Supply Depot  
  99  7:57  Marine x2  
  101  8:00  Marauder x2  
  101  8:03  Supply Depot  
  105  8:10  Orbital Command  
  98  8:25  SCV x3  
  98  8:27  Command Center, Marine x3  
  101  8:31  Medivac  
  101  8:32  Medivac  
  108  8:37  SCV  
  109  8:48  Marine  
  109  8:49  Marauder, Marine x2  
  114  8:59  Siege Tank  
  117  9:06  Marine  
  117  9:07  Marauder, Marine  
  121  9:11  Marauder  
  122  9:24  Marine x2  
  124  9:39  Siege Tank, Marauder x2  
  124  9:42  Marine x2  
  126  9:59  Marine  
  103  10:00  Marauder  
  103  10:03  Marine  
  107  10:10  Marine  
  107  10:11  Supply Depot, Siege Tank  
  107  10:12  Medivac x2  
  115  10:14  Terran Infantry Weapons Level 2, Terran Infantry Armor Level 2  
  115  10:17  Factory, Marine  
  116  10:21  Marine  
  116  10:22  Marauder  
  111  10:48  Marine x2  
  111  10:49  Marauder x2  
  115  11:10  Marauder x2, Marine x2  
  105  11:28  Marine x2  
  105  11:29  Barracks x2  
  105  11:31  Marine x2  
  105  11:32  Barracks x4  
  106  11:37  Planetary Fortress  
  106  11:39  Starport x2  
  104  11:42  Starport  
  104  11:45  Marine  
  104  11:46  Marine  
  106  11:49  Marauder  
  108  11:56  Marine  
  109  12:04  Marine x2  
  111  12:10  Factory Tech Lab  
  111  12:11  Marauder  
  111  12:14  Marauder  
  115  12:18  Marine x2  
  115  12:20  Starport Reactor  
  116  12:32  Marauder  
  116  12:39  Marine  
  116  12:40  Marine x8  
  116  12:42  Starport Tech Lab x2  
  125  12:53  Marine  
  125  12:57  Marine  
  125  12:58  Marauder, Marine  
  117  13:11  Marauder  
  114  13:13  Marine x6  
  114  13:14  Banshee x2  
  114  13:15  Marine x2  
  114  13:16  Siege Tank x2  
  114  13:19  SCV x2  
  135  13:20  Marauder  
  137  13:31  Marine x4  
  137  13:32  Marauder, Marine  
  116  13:34  SCV  
  116  13:35  SCV  
  116  13:39  Missile Turret  
  116  13:40  Missile Turret  
  116  13:41  Missile Turret, Marauder  
  116  13:43  Command Center, Marine x3  
  116  13:44  Command Center  
  116  13:47  Barracks  
  116  13:48  Siege Tank, Barracks x2, Marine  
  113  13:49  Marine  
  113  13:54  Marauder  
  120  13:56  Command Center  
  120  13:57  Banshee x2  
  120  13:58  Missile Turret, Marine x2  
  120  13:59  Missile Turret, Marine  
  120  14:00  Command Center  
  131  14:03  Marauder  
  131  14:04  Marine  
  131  14:06  Refinery  
  131  14:07  Refinery, Medivac x4  
  140  14:10  Cloaking Field  
  140  14:12  Terran Infantry Weapons Level 3, Terran Infantry Armor Level 3  
  140  14:13  Terran Vehicle And Ship Armor Level 2  
  140  14:15  Marauder  
  140  14:16  Fusion Core  
  142  14:17  Armory  
  142  14:19  Marine x2  
  142  14:20  Supply Depot  
  142  14:21  Supply Depot  
  142  14:22  Supply Depot  
  146  14:24  Marauder  
  146  14:34  Marine  
  147  14:41  Banshee, Siege Tank, Marauder  
  147  14:42  Supply Depot, Marine x3  
  147  14:43  Banshee, Siege Tank, Marine x2  
  147  14:44  Supply Depot  
  168  14:45  Marauder  
  168  14:54  Orbital Command  
  165  15:03  Marauder  
  165  15:07  Marauder  
  165  15:13  Siege Tank  
  159  15:21  Command Center  
  159  15:26  Banshee  
  159  15:27  Missile Turret  
  162  15:38  Planetary Fortress, Orbital Command  
  162  15:44  Refinery  
  162  15:54  Refinery  
  144  16:14  Marine x3  
  131  16:27  Marine x5  
  131  16:28  Marine  
  131  16:29  Marine  
  131  16:31  Banshee x2  
  131  16:32  Medivac x4, Marine x3  
  121  16:36  Planetary Fortress  
  117  16:44  Marine  
  117  16:47  Marauder x2  
  120  16:50  Marine x2  
  120  16:51  Marine x4  
  120  16:52  Barracks Reactor  
  120  16:53  Barracks Reactor x2  
  119  16:55  Missile Turret  
  119  17:02  Marine, Medivac  
  119  17:08  Barracks Reactor, Marauder  
  122  17:09  Marauder  
  122  17:11  Marine x6  
  122  17:14  Banshee x2  
  130  17:20  Marine  
  131  17:28  SCV x2, Marine  
  131  17:29  Command Center, SCV x3, Marauder, Marine x5  
  144  17:30  Marauder  
  146  17:38  Marine  
  146  17:46  Marine  
  146  17:47  Marine x5  
  146  17:51  Marauder x2  
  139  18:08  Marine x5  
  139  18:09  Marine x4  
  139  18:12  Marauder  
  151  18:13  Marauder  
  151  18:25  Marine  
  151  18:26  Marine x5  
  157  18:30  Marine  
  157  18:31  Marine  
  157  18:34  Marauder x2  
  160  18:37  Marine  
  155  18:43  Marine  
  155  18:44  Marine x2  
  156  18:55  Marine, Marauder x2  
  152  18:59  Marine x2  
  136  19:03  Orbital Command  
  132  19:14  Marine x2  
  132  19:16  Marauder  
  137  19:17  Marauder  
  137  19:21  Marine x3  
  137  19:22  Marine  
  138  19:28  Command Center  
  131  19:33  Marine x5  
  131  19:38  Marauder x2  
  135  19:39  Marine x4  
  125  19:50  Marine  
  125  19:51  Marine x2  
Tags
 
Add a new tag
Caveats
  • Supply blocks, unpowered buildings, or Contaminate may cause inaccurate times.
  • Supply counts are checked every 10 seconds.